 Dungeon Crawl Stone Soup version 0.27-a0-760-gc38aae387d (webtiles) character file.

Game seed: 11152610915335060618

16 Fess the Skirmisher (level 2, -1/26 HPs)
             Began as a Draconian Berserker on Mar 24, 2021.
             Was a Follower of Trog.
             Slain by a quokka (5 damage)
             ... on level 1 of the Dungeon.
             The game lasted 00:03:14 (485 turns).

Fess the Skirmisher (Draconian Berserker)            Turns: 485, Time: 00:03:14

Health: -1/26      AC:  4    Str: 19    XL:     2   Next: 41%
Magic:  2/2        EV: 12    Int:  7    God:    Trog [*.....]
Gold:   17         SH:  0    Dex: 10    Spells: 1/1 levels left

rFire    . . .     SeeInvis .   f - +0 dagger (protect)
rCold    . . .     Faith    .   (no shield)
rNeg     . . .     Spirit   .   (armour unavailable)
rPois    .         Reflect  .   (helmet restricted)
rElec    .         Harm     .   (no cloak)
rCorr    .         Rampage  .   (no gloves)
Will     .....                  (no boots)
Stlth    +.........             (no amulet)
HPRegen  0.08/turn              (no ring)
MPRegen  0.08/turn              (no ring)

@: no status effects
A: AC +4, unfitting armour, cold-blooded
a: Renounce Religion, Berserk


You were on level 1 of the Dungeon.
You worshipped Trog.
Trog was aware of your devotion.
You visited 1 branch of the dungeon, and saw 1 of its levels.

You collected 17 gold pieces.

Inventory:

Hand Weapons
 a - a +0 hand axe
 f - a +0 dagger of protection (weapon)
Scrolls
 b - a scroll of noise {unknown}
 d - a scroll of amnesia {unknown}
Potions
 c - a potion of ambrosia {unknown}
 e - a potion of flight {unknown}


   Skills:
 + Level 3.5 Fighting
 + Level 3.3 Axes
 + Level 3.0 Dodging


You had one spell level left.
You didn't know any spells.
Your spell library was empty.

Dungeon Overview and Level Annotations

Branches:
Dungeon (1/15)

Altars:


Innate Abilities, Weirdness & Mutations

Your plain brown scales are hard. (AC +4)
You cannot fit into any form of body armour.
You are cold-blooded and may be slowed by cold attacks.


Message History

Found a runed helmet.
You see here a +2 helmet.
Found a stone staircase leading down.
A ball python comes into view.
The ball python hisses angrily.
You slash the ball python!
You kill the ball python!
Trog accepts your kill.
A bat comes into view.
You see here a +0 ring mail.
A rat comes into view.
The bat hits you but does no damage. The bat barely misses you.
The bat hits you but does no damage.
You hit the bat.
The bat is severely wounded.
The bat misses you.
You closely miss the bat.
The bat is heavily wounded.
You hit the rat.
You kill the rat!
Trog accepts your kill. The bat hits you but does no damage. The bat hits you.
You barely miss the bat.
The bat is heavily wounded.
The bat barely misses you.
You hit the bat but do no damage.
Your tail-slap misses the bat.
The bat is heavily wounded.
The bat misses you. The bat barely misses you.
You see here a rat corpse.
You barely miss the bat.
Your tail-slap misses the bat.
The bat is moderately wounded.
The bat hits you but does no damage. The bat closely misses you. x2
You hit the bat but do no damage.
The bat is moderately wounded.
The bat barely misses you.
You hit the bat.
You kill the bat!
Trog accepts your kill.
You have reached level 2!
A bat comes into view.
A bat is nearby!
The bat misses you. The bat hits you but does no damage.
You hit the bat.
The bat is severely wounded.
The bat completely misses you. The bat hits you but does no damage.
The bat hits you. The bat hits you but does no damage.
You hit the bat.
You kill the bat!
Trog accepts your kill.
HP restored.
A rat comes into view.
You hit the rat.
You kill the rat!
Trog accepts your kill.
A giant cockroach comes into view.
Found a yellow potion.
Found a stone staircase leading down.
No target in view!
The giant cockroach barely misses you.
You hit the giant cockroach but do no damage.
The giant cockroach closely misses you.
You hit the giant cockroach. You tail-slap the giant cockroach.
You kill the giant cockroach!
Trog accepts your kill.
A kobold comes into view.
It is wielding a +0 dagger of protection.
You see here a yellow potion.
e - a yellow potion Non-targeted abil: Berserk
Press: ? - help, Q - select action Dir - look around, f - activate
Okay, then.
Cleave: a) +0 hand axe
Press: ? - help, Dir - move target, f - you
Okay, then.
Non-targeted abil: Berserk
Press: ? - help, Q - select action Dir - look around, f - activate
Okay, then.
Okay, then.
Non-targeted abil: Berserk
Press: ? - help, Q - select action Dir - look around, f - activate Look: a kobold, wielding a +0 dagger of protection
Okay, then.
Non-targeted abil: Berserk
Press: ? - help, Q - select action Dir - look around, f - activate Look: a kobold, wielding a +0 dagger of protection
Okay, then.
Cleave: a) +0 hand axe
Press: ? - help, Dir - move target, f - kobold
Aim: a kobold, wielding a +0 dagger of protection (about 49% to evade your +0 hand axe)
Your weapon can't reach that far!
Okay, then.
You hit the kobold but do no damage.
Your tail-slap misses the kobold.
The kobold barely misses you.
You completely miss the kobold.
Your tail-slap misses the kobold.
The kobold misses you.
You slash the kobold!
You kill the kobold!
Trog accepts your kill.
Things that are here:
a +0 dagger of protection; a kobold corpse
f - a +0 dagger of protection Your +0 dagger of protection hums with potential!
f - a +0 dagger of protection (weapon)
A giant cockroach comes into view.
You hit the giant cockroach.
Your weapon exudes an aura of protection.
Your tail-slap misses the giant cockroach.
The giant cockroach is heavily wounded.
The giant cockroach waves its antennae.
The giant cockroach bites you but does no damage.
You closely miss the giant cockroach.
The giant cockroach is heavily wounded.
The giant cockroach bites you but does no damage.
You hit the giant cockroach.
The giant cockroach is heavily wounded.
The giant cockroach bites you.
You hit the giant cockroach.
The giant cockroach is severely wounded.
The giant cockroach barely misses you.
You hit the giant cockroach.
The giant cockroach is almost dead.
The giant cockroach closely misses you.
You hit the giant cockroach but do no damage.
The giant cockroach is almost dead.
The giant cockroach closely misses you. The giant cockroach barely misses you.
You hit the giant cockroach.
You kill the giant cockroach!
Trog accepts your kill.
Your Dodging skill increases to level 3!
A quokka comes into view.
You hit the quokka.
Your weapon exudes an aura of protection.
The quokka is moderately wounded.
The quokka closely misses you.
You hit the quokka but do no damage.
The quokka is moderately wounded.
The quokka bites you but does no damage.
The quokka closely misses you.
You miss the quokka.
The quokka is moderately wounded.
The quokka bites you.
You barely miss the quokka.
The quokka is moderately wounded.
The quokka bites you but does no damage.
You closely miss the quokka.
You tail-slap the quokka, but do no damage.
The quokka is moderately wounded.
The quokka bites you but does no damage.
You hit the quokka. You tail-slap the quokka.
You kill the quokka!
Trog accepts your kill.
No target in view!
You now have 17 gold pieces (gained 8).
A quokka comes into view.
The quokka misses you.
You completely miss the quokka. The quokka closely misses you.
You hit the quokka but do no damage.
Your weapon exudes an aura of protection.
The quokka completely misses you.
The quokka bites you but does no damage.
You hit the quokka but do no damage. The quokka barely misses you.
You hit the quokka.
The quokka is moderately wounded.
The quokka bites you but does no damage.
Non-targeted abil: Berserk
Press: ? - help, Q - select action Dir - look around, f - activate Look: a quokka (moderately wounded)
Okay, then.
The quokka bites you but does no damage.
The quokka closely misses you. The quokka bites you. The quokka misses you.
The quokka bites you. The quokka misses you. The quokka bites you.
The quokka misses you. The quokka closely misses you.
The quokka barely misses you. The quokka barely misses you.
The quokka closely misses you.
The quokka bites you but does no damage.
The quokka bites you. The quokka barely misses you. x2
The quokka barely misses you. The quokka closely misses you.
The quokka misses you. The quokka barely misses you. The quokka bites you.
The quokka closely misses you. The quokka closely misses you.
The quokka barely misses you. The quokka bites you. The quokka bites you.
* * * LOW HITPOINT WARNING * * *
The quokka barely misses you. The quokka bites you.
* * * LOW HITPOINT WARNING * * *
The quokka closely misses you. The quokka completely misses you.
The quokka barely misses you. The quokka closely misses you.
The quokka misses you. The quokka bites you.
You die...

#...###..###.......#
#.#.....†....#........
#.#..........#..##.###
#...###..###....# ...
##..## #..# ##...# ###
#..## ##..## #..#
#..####....####..#
#...##..##..##...#
#.............@..#
#.##..######.#.r......
#......(. .......#####
##############...#
#...# #####


You could see a quokka.

Vanquished Creatures
  A dart slug (D:1)
  2 bats (D:1)
  A bat zombie (D:1)
  2 giant cockroaches (D:1)
  A quokka (D:1)
  A ball python (D:1)
  A giant cockroach zombie (D:1)
  2 kobolds (D:1)
  3 rats (D:1)
14 creatures vanquished.

Notes
Turn   | Place    | Note
-------+----------+-------------------------------------------
     0 | D:1      | Fess the Draconian Berserker began the quest for the Orb.
     0 | D:1      | Reached XP level 1. HP: 19/19 MP: 1/1
   305 | D:1      | Reached XP level 2. HP: 26/26 MP: 2/2
   485 | D:1      | Slain by a quokka

Illustrated notes

Levels and vault maps discovered:
D:1:      saegor_arrival_fortress, layout_rooms, palyth_stone_intersect

Skill      XL: |  1  2 |
---------------+-------+-----
Dodging        | 3 |  3.0
Fighting       | |  3.5
Axes           | |  3.3

Action                   || total
-------------------------++-------
Melee: Hand axe          ||    34
       Tailslap          ||     6
       Dagger            ||    17
Invok: Berserk           ||     1
Armor: Skin              ||    27
Dodge: Dodged            ||    60

Table legend: (Time is in decaauts)
 A = Elapsed time spent in this place.
 B = Non-inter-level travel time spent in this place.
 C = Inter-level travel time spent in this place.
 D = Time resting spent in this place.
 E = Time spent auto-exploring this place.
 F = Levels seen in this place.
 G = Mean time per level.
                   A        B        C        D        E       F      G
               +--------+--------+--------+--------+--------+-----+--------+
         Total |    497 |    497 |      0 |      1 |    344 |   1 |  497.0 |
       Dungeon |    497 |    497 |      0 |      1 |    344 |   1 |  497.0 |
               +--------+--------+--------+--------+--------+-----+--------+

Top non-repeatable levels by time:
     D:1: 497 daAuts
